 Dungeon Crawl Stone Soup version 0.23.1-37-gaa34b87b72 (webtiles) character file.

Game seed: 15348430381690768350

1614 Peloso the Carver (level 8, 0/70 HPs)
             Began as a Minotaur Fighter on Mar 23, 2019.
             Slain by a sky beast (5 damage)
             ... on level 5 of the Dungeon.
             The game lasted 00:09:25 (4497 turns).

Peloso the Carver (Minotaur Fighter)                Turns: 4497, Time: 00:09:25

Health: 0/70       AC: 15    Str: 22    XL:     8   Next: 64%
Magic:  7/7        EV: 11    Int:  5    God:
Gold:   300        SH: 11    Dex: 16    Spells: 7/7 levels left

rFire    . . .     SeeInvis .   a - +0 long sword
rCold    . . .     Gourm    .   c - +0 shield
rNeg     . . .     Faith    .   d - +0 plate armour
rPois    .         Spirit   .   (helmet restricted)
rElec    .         Reflect  .   (no cloak)
rCorr    .         Harm     .   k - +1 pair of gloves
MR       .....                  (no boots)
Stlth    ..........             (no amulet)
HPRegen  0.21/turn              (no ring)
MPRegen  0.10/turn              (no ring)

@: agile
A: retaliatory headbutt, horns 2
a: no special abilities


You were on level 5 of the Dungeon.
You were hungry.

You visited 2 branches of the dungeon, and saw 7 of its levels.

You collected 300 gold pieces.

Inventory:

Hand Weapons
 a - a +0 long sword (weapon)
Armour
 b - a +0 scale mail
 c - a +0 shield (worn)
 d - a +0 plate armour (worn)
 k - a +1 pair of gloves (worn)
 n - a +0 chain mail
Scrolls
 e - 3 scrolls of remove curse
 g - 3 scrolls of amnesia {unknown}
 i - a scroll of random uselessness {unknown}
 j - a scroll of enchant armour {unknown}
 l - 3 scrolls of magic mapping
 m - a scroll of blinking {unknown}
 r - a scroll of fear {unknown}
 u - a scroll of fog {unknown}
Potions
 h - 3 potions of curing
 p - 2 potions of agility
 q - a potion of resistance
 t - a potion of flight
 w - a potion of invisibility {unknown}
Comestibles
 f - 10 rations


   Skills:
 + Level 6.1 Fighting
 + Level 8.4 Long Blades
 + Level 6.9 Armour
 + Level 2.4 Dodging
 + Level 0.3 Stealth
 + Level 7.2 Shields


You had 7 spell levels left.
You didn't know any spells.
Your spell library contained the following spells:

 Spells                   Type           Power        Failure   Level  Hunger
 Magic Dart               Conj           #...         100%        1    ##.....
 Blink                    Tloc           N/A          100%        2    ###....
 Call Imp                 Summ           #.......     100%        2    ###....
 Slow                     Hex            #.......     100%        2    ###....
 Conjure Flame            Conj/Fire      #.......     100%        3    ####...
 Mephitic Cloud           Conj/Pois/Air  #.......     100%        3    ####...


Dungeon Overview and Level Annotations

Branches:
Dungeon (6/15)             Temple (1/1) D:5

Altars:
Ashenzari
Cheibriados
Dithmenos
Elyvilon
Hepliaklqana
Makhleb
Nemelex Xobeh
Qazlal
Ru
Sif Muna
Trog
Vehumet
Wu Jian
Xom
Yredelemnul
Zin

Annotations:
D:5 1 runed translucent door, alkemann's ghost, novice DrGl


Innate Abilities, Weirdness & Mutations

You reflexively headbutt those who attack you in melee.
You have a pair of horns on your head.


Message History

Unknown command.
You hit the orc warrior but do no damage.
The orc warrior is almost dead.
You block the sky beast's attack.
The orc warrior hits you but does no damage.
Unknown command.
You closely miss the orc warrior. Your headbutt misses the orc warrior.
The orc warrior is almost dead.
The sky beast hits you but does no damage.
You block the orc warrior's attack.
Unknown command.
You hit the orc warrior but do no damage.
Your headbutt misses the orc warrior.
The orc warrior is almost dead.
The sky beast flickers out of sight!
Deactivating autopickup; reactivate with Ctrl-A.
Something hits you.
* * * LOW HITPOINT WARNING * * *
Something shocks you.
You die...

######### ........#
....###.##########
....'.).......oo@#
....###.#.######{#
....# #.#.# ####.###
....# #.#.###......#
##### #.#.##.......#
#....).......#
########.##.......#
##.....##.##.......#
..<....##.##......!#


You could see an orc warrior and an orc wizard.

Vanquished Creatures
  The ghost of gothhamster the Shield-Bearer, a novice GnFi (D:3)
  Grinder (D:5)
  Sigmund (D:2)
  A sky beast (D:5)
  A phantom (D:5)
  3 ogres
  3 crimson imps
  An orc priest (D:3)
  3 orc wizards
  An iguana (D:4)
  2 worker ants
  A hound skeleton (D:4)
  Robin (D:3)
  4 gnolls
  6 adders
  A howler monkey skeleton (D:4)
  4 oozes
  An adder skeleton (D:5)
  A worm (D:2)
  4 dart slugs
  4 leopard geckos
  16 orcs
  3 giant cockroaches
  13 goblins
  9 hobgoblins
  3 quokkas
  2 ball pythons
  9 bats
  11 frilled lizards
  9 kobolds
  7 rats
127 creatures vanquished.

Notes
Turn   | Place    | Note
-------+----------+-------------------------------------------
     0 | D:1      | Peloso the Minotaur Fighter began the quest for the Orb.
     0 | D:1      | Reached XP level 1. HP: 19/19 MP: 0/0
   194 | D:1      | Reached XP level 2. HP: 23/27 MP: 1/1
   692 | D:2      | Reached XP level 3. HP: 33/33 MP: 2/2
   697 | D:2      | Reached skill level 3 in Long Blades
   816 | D:1      | Reached XP level 4. HP: 22/40 MP: 3/3
  1394 | D:2      | Noticed Sigmund
  1400 | D:2      | Killed Sigmund
  1400 | D:2      | Reached skill level 4 in Long Blades
  1400 | D:2      | Reached skill level 5 in Armour
  1400 | D:2      | Reached skill level 1 in Dodging
  1400 | D:2      | Reached skill level 5 in Shields
  1400 | D:2      | Reached XP level 5. HP: 46/46 MP: 4/4
  1617 | D:2      | Reached XP level 6. HP: 52/52 MP: 5/5
  1664 | D:3      | Found a runed translucent door.
  1674 | D:3      | Noticed gothhamster's ghost (novice GnFi)
  1722 | D:3      | Killed gothhamster's ghost
  1722 | D:3      | Reached skill level 5 in Long Blades
  1722 | D:3      | Reached XP level 7. HP: 32/60 MP: 6/6
  1839 | D:3      | Noticed Robin
  1842 | D:3      | Reached skill level 6 in Long Blades
  2263 | D:3      | Found a shimmering altar of Xom.
  2263 | D:3      | Found a sparkling altar of Nemelex Xobeh.
  2263 | D:3      | Found a sacrificial altar of Ru.
  2264 | D:3      | Found a burning altar of Makhleb.
  2415 | D:3      | Killed Robin
  2665 | D:3      | Found a white marble altar of Elyvilon.
  2665 | D:3      | Found a shattered altar of Ashenzari.
  3152 | D:4      | Reached skill level 5 in Fighting
  3417 | D:4      | Reached XP level 8. HP: 68/68 MP: 7/7
  3615 | D:5      | Entered Level 5 of the Dungeon
  3657 | D:5      | Reached skill level 7 in Long Blades
  3660 | D:5      | Found a runed translucent door.
  3660 | D:5      | Noticed alkemann's ghost (novice DrGl)
  3736 | D:5      | Found a staircase to the Ecumenical Temple.
  3759 | Temple   | Entered the Ecumenical Temple
  4162 | D:5      | Noticed Grinder
  4167 | D:5      | Paralysed by Grinder for 4 turns
  4189 | D:5      | Killed Grinder
  4189 | D:5      | Reached skill level 8 in Long Blades
  4201 | D:5      | Found a stormy altar of Qazlal.
  4247 | D:5      | Noticed an air elemental
  4497 | D:5      | Slain by a sky beast

Skill      XL: |  1  2  3  4  5  6  7  8 |
---------------+-------------------------+-----
Shields        | 4 5 6 7 |  7.2
Long Blades    | 3 4 5 6 8 |  8.4
Armour         | 4 5 6 |  6.9
Fighting       | 4 5 6 |  6.1
Dodging        | 1 2 |  2.4
Stealth        | |  0.3

Action                   |  1- 3 |  4- 6 |  7- 9 || total
-------------------------+-------+-------+-------++-------
Melee: Long sword        |    70 |    48 |   233 ||   351
       Headbutt          |    13 |     6 |    42 ||    61
  Use: Potion            |       |     2 |     2 ||     4
       Scroll            |       |       |     7 ||     7
  Eat: Chunk             |       |     2 |     9 ||    11
Armor: Scale mail        |    37 |    12 |       ||    49
       Chain mail        |       |    14 |       ||    14
       Plate armour      |       |       |   110 ||   110
Dodge: Dodged            |    25 |    11 |    43 ||    79
Block: Shield            |    46 |    24 |   134 ||   204
       Rpst.: Long sword |     4 |     1 |    12 ||    17
